 Dungeon Crawl Stone Soup version 0.31-a0-177-g4aa6249778 (webtiles) character file.

Game seed: 2640446294092251770

10016 TittyCrusher the Grappler (level 11, -6/84 HPs)
             Began as an Octopode Fighter on June 18, 2023.
             Was a Priest of Cheibriados.
             Mangled by an orc warrior
             ... wielding a +0 vampiric halberd
             ... led by an orc knight
              (13 damage)
             ... on level 9 of the Dungeon.
             The game lasted 00:17:58 (9079 turns).

TittyCrusher the Grappler (Octopode Fighter)        Turns: 9079, Time: 00:17:59

Health: -6/84      AC: 11    Str: 28    XL:     11   Next: 55%
Magic:  5/13       EV: 14    Int: 18    God:    Cheibriados [***...]
Gold:   164        SH:  0    Dex: 20    Spells: 4/10 levels left

rFire   . .          .
                       - Unarmed
rCold   + + +        a - melded +0 buckler
rNeg    . . .        (helmet currently unavailable)
rPois   +            (no amulet)
rElec   .            h - ring of willpower
rCorr   .            m - ring of protection from fire
SInv    .            o - ring of wizardry
Will    +....        B - +4 ring of slaying
Stlth   ++           L - +4 ring of protection
HPRegen 0.34/turn    N - ring of wizardry
MPRegen 0.13/turn    (no ring)
                     (no ring)

%: wizardry (x2)
@: about to teleport, ice-form, on blink cooldown, studying 2 skills, very slow
A: freezing attack, boosted hp, almost no armour, amphibious, 8 rings, large,
(camouflage 1), (gelatinous body 1), (nimble swimmer 1), (tentacles)
a: End Transformation, Renounce Religion, Bend Time, Temporal Distortion


You were on level 9 of the Dungeon.
You worshipped Cheibriados.
Cheibriados was most pleased with you.
You were a creature of crystalline ice.
You visited 1 branch of the dungeon, and saw 9 of its levels.
You also visited: Ossuary.

You collected 580 gold pieces.
You spent 416 gold pieces at shops.

Inventory:

Hand Weapons
 b - a +2 halberd of freezing
 w - a +0 sling
Missiles
 j - 105 stones
Armour
 a - a +0 buckler (melded)
Magical Staves
 O - a staff of earth
 P - a staff of poison
Jewellery
 h - a ring of willpower (left front paw)
 m - a ring of protection from fire (right front paw)
 o - a ring of wizardry (on tentacle)
 y - a ring of ice
 B - a +4 ring of slaying (on tentacle)
 L - a +4 ring of protection (on tentacle)
 N - a ring of wizardry (on tentacle)
Wands
 i - a wand of quicksilver (14)
 A - a wand of polymorph (6)
 D - a wand of digging (9)
 G - a wand of roots (7)
 J - a wand of flame (9)
 K - a wand of paralysis (3)
Scrolls
 g - a scroll of teleportation
 p - 4 scrolls of fog {unknown}
 r - 2 scrolls of immolation {unknown}
 s - 3 scrolls of poison {unknown}
 v - 4 scrolls of enchant weapon {unknown}
 x - a scroll of enchant armour {unknown}
 z - a scroll of amnesia {unknown}
 E - a scroll of identify
 H - a scroll of revelation
 I - a scroll of noise {unknown}
Potions
 c - a potion of brilliance
 d - 6 potions of curing
 e - a potion of invisibility
 f - 3 potions of attraction
 k - 2 potions of lignification
 l - a potion of enlightenment {unknown}
 n - 3 potions of resistance {unknown}
 q - 2 potions of cancellation {unknown}
 t - 2 potions of heal wounds {unknown}
 u - a potion of mutation {unknown}
 C - 2 potions of ambrosia {unknown}
 F - a potion of might
Miscellaneous
 M - a tin of tremorstones (2/2)


   Skills:
 - Level 4.7 Fighting
 - Level 7.6 Dodging
 - Level 3.0 Shields
 - Level 13.2 Unarmed Combat
 - Level 6.0 Transmutations
 - Level 6.0 Ice Magic
 + Level 2.8 Invocations


You had 4 spell levels left.
You knew the following spells:

 Your Spells              Type           Power      Damage    Failure   Level
a - Ice Form              Ice/Tmut       21%        N/A       5%          4
b - Blink                 Tloc           0%         N/A       9%          2

Your spell library contained the following spells:

 Spells                   Type           Power      Damage    Failure   Level
 Ensorcelled Hibernation  Hex/Ice        20%        N/A       2%          2
 Passwall                 Tmut/Erth      8%         N/A       2%          2
 Apportation              Tloc           0%         N/A       6%          1
 Ignite Poison            Fire/Tmut/Pois 7%         N/A       8%          3
 Cigotuvi's Dreadful Rot  Necr/Pois/Air  0%         N/A       9%          2
 Lesser Beckoning         Tloc           0%         N/A       9%          2
 Momentum Strike          Conj/Tloc      0%         3d8       9%          2
 Call Canine Familiar     Summ           0%         N/A       17%         3
 Dazzling Flash           Conj/Hex       0%         N/A       17%         3
 Gell's Gravitas          Tloc           0%         N/A       17%         3
 Portal Projectile        Hex/Tloc       0%         N/A       17%         3
 Swiftness                Air            0%         N/A       17%         3
 Teleport Other           Tloc           0%         N/A       17%         3
 Tukima's Dance           Hex            0%         N/A       17%         3
 Leda's Liquefaction      Hex/Erth       0%         N/A       45%         4
 Passage of Golubria      Tloc           0%         N/A       45%         4
 Sticky Flame             Conj/Fire      0%         2d3       45%         4
 Alistair's Intoxication  Tmut/Pois      6%         N/A       41%         5
 Yara's Violent Unravell  Hex/Tmut       5%         3d4       41%         5
 Freezing Cloud           Conj/Ice/Air   3%         6-21      54%         5
 Agony                    Necr           0%         N/A       80%         5
 Silence                  Hex/Air        0%         N/A       80%         5
 Dispersal                Tloc           0%         N/A       99%         6


Dungeon Overview and Level Annotations

Branches:
Dungeon (9/15)             Temple (0/1) D:7             Orc (0/2) D:9
Ossuary (visited)
   Lair: D:8-11

Altars:
Cheibriados
Elyvilon
Kikubaaqudgha
Nemelex Xobeh
Okawaru
Qazlal
Ru
Uskayaw
Vehumet
Xom
The Shining One

Shops:
D:3 :   D:7 *


Innate Abilities, Weirdness & Mutations

You are a creature of crystalline ice.
You have a powerful freezing melee attack.
Your maximum health is increased.
Your armour is entirely melded.
You are incapable of wielding weapons or throwing items.
You cannot wear most types of armour.
You are amphibious.
You can wear up to eight rings at the same time.
((Your skin changes colour to match your surroundings (Stealth+).))
((Your rubbery body absorbs attacks. (AC +1, EV +1)))
((You are camouflaged when in or above water. (Stealth+)))
((You have tentacles for arms and can constrict up to eight enemies at once.))


Message History

Casting: Ice Form (dangerous; 6% risk of failure)
Confirm with . or Enter, or press ? or * to list all spells.
You blink.
Found a pair of boots and 6 stones.
The orc sorcerer wildly gestures.
You feel troubled. The orc knight completely misses you.
The orc warrior hits you from afar with a +0 glaive of flaming!
The orc warrior burns you.
Unknown command.
Unknown command.
Casting: Blink (safe; 11% risk of failure)
Confirm with . or Enter, or press ? or * to list all spells.
You turn into a creature of crystalline ice.
Your +0 buckler melds into your body.
The orc warrior closely misses you.
The orc warrior hits you from afar with a +0 vampiric halberd.
The orc knight hits you with a +0 glaive.
The orc closely misses you.
Unknown command.
You pummel the orc sorcerer!! You freeze the orc sorcerer.
The orc sorcerer is almost dead.
The orc sorcerer closely misses you. The orc warrior closely misses you.
The orc hits you with a +0 flail.
The orc knight roars a battlecry!
The orcs go into a battle-frenzy!
The orc warrior hits you from afar with a +0 glaive of flaming.
The orc warrior melts you.
You pummel the orc sorcerer!! You freeze the orc sorcerer.
You kill the orc sorcerer!
Cheibriados appreciates the change of pace.
The orc warrior misses you. The orc warrior barely misses you.
Your Invocations skill increases to level 2!
Unknown command.
As you read the scroll of teleportation, it crumbles to dust.
You feel strangely unstable. The orc misses you.
The orc warrior hits you from afar with a +0 glaive of flaming!!
* * * LOW HITPOINT WARNING * * *
The orc warrior melts you!
* * * LOW HITPOINT WARNING * * *
The orc warrior hits you from afar with a +0 vampiric halberd!
You die...

#
#.###########.#.##..##..##
#
#.#...........##..##..####
# ..#####.#########.######
# ..#.........#..##.##..#.
# #.#.#######.#..#.#.#..#.
# #.#.#(#)#[#.###.#.#.###.
# #.#.#.....#.##.#.#.#.##.
# #...'o)o..#...#.#.#.#...
#.#.#ooY..#.##.#.#.#.##.
#.#.#[#)#)#.###.#.#.###.
#.#.#######.#..#.#.#..#.
#.#.....)...#..##.##.:#.
#.#####.#########.#####.
#...........##.#...#.##.
###########.#...#.#(..#.
#.##.#.#.#.##.
#)#.#.....#.#.


You could see an orc knight, 2 orc warriors and an orc (strong).

Vanquished Creatures
  A centaur warrior (D:9)
  A two-headed ogre (D:9)
  An orc sorcerer (D:9)
  A cyclops (D:9)
  5 gargoyles (D:7)
  Maggie (D:6)
  2 trolls (D:9)
  Grinder (D:5)
  Prince Ribbit (D:5)
  3 wyverns
  5 yaks (D:8)
  3 steam dragons
  An acid dragon (D:9)
  A water moccasin (D:7)
  An ice beast (D:8)
  2 sky beasts (D:8)
  A black bear (D:5)
  5 orc warriors
  4 ogres
  4 centaurs
  2 phantoms
  A kobold brigand (D:8)
  2 bullfrogs
  3 gnoll sergeants
  2 scorpions
  12 killer bees
  A howler monkey (D:6)
  4 orc priests
  4 jellies
  2 gnoll boudas
  3 hounds
  An iguana (D:5)
  2 sleepcaps
  5 orc wizards
  8 mummies (Ossuary)
  5 adders
  13 gnolls
  2 shadow imps
  3 worms
  3 dart slugs
  18 orcs
  8 ball pythons
  7 bats
  5 endoplasms
  4 giant cockroaches
  10 goblins
  7 hobgoblins
  8 jackals
  13 kobolds
  5 quokkas
  2 frilled lizards
  3 hobgoblin zombies (Ossuary)
  3 kobold zombies (Ossuary)
  2 orc zombies (Ossuary)
  2 rats (D:1)
219 creatures vanquished.

Vanquished Creatures (others)
  A human (D:6)
1 creature vanquished.

Grand Total: 220 creatures vanquished

Notes
Turn   | Place    | Note
-------+----------+-------------------------------------------
     0 | D:1      | TittyCrusher the Octopode Fighter began the quest for the
                  | Orb.
     0 | D:1      | Reached XP level 1. HP: 16/16 MP: 1/1
   223 | D:1      | Reached XP level 2. HP: 21/21 MP: 2/2
   547 | D:1      | Reached XP level 3. HP: 27/27 MP: 3/3
   830 | D:2      | Reached XP level 4. HP: 34/34 MP: 4/4
  1517 | D:3      | You fall into a shaft and drop 3 floors!
  1521 | D:6      | Noticed Maggie
  1602 | D:6      | Noticed a scorpion
  1612 | D:6      | Noticed a bullfrog
  1614 | D:6      | Noticed an ogre
  1617 | D:6      | Killed a scorpion
  1618 | D:6      | Reached skill level 3 in Unarmed Combat
  1618 | D:6      | Reached XP level 5. HP: 38/38 MP: 5/5
  1620 | D:6      | Reached skill level 4 in Unarmed Combat
  1624 | D:6      | Killed an ogre
  1625 | D:6      | Reached skill level 5 in Unarmed Combat
  1625 | D:6      | Reached XP level 6. HP: 43/44 MP: 6/6
  1647 | D:6      | Found an ancient bone altar of Kikubaaqudgha.
  1648 | D:6      | Noticed a human
  1651 | D:6      | Killed a human
  1711 | D:5      | Entered Level 5 of the Dungeon
  1760 | D:4      | Found a radiant altar of Vehumet.
  1852 | D:4      | Found a sand-covered staircase.
  1861 | Ossuary  | Entered an ossuary
  2066 | Ossuary  | Reached skill level 6 in Unarmed Combat
  2275 | D:3      | Found Gotreob's Book Boutique.
  2293 | D:3      | Reached XP level 7. HP: 45/49 MP: 7/7
  2644 | D:3      | Found an iron altar of Okawaru.
  2903 | D:5      | Noticed Grinder
  2912 | D:5      | Killed Grinder
  2913 | D:5      | Reached skill level 7 in Unarmed Combat
  2998 | D:5      | Reached skill level 8 in Unarmed Combat
  3001 | D:5      | Reached XP level 8. HP: 13/54 MP: 8/8
  3467 | D:6      | Killed Maggie
  3468 | D:6      | Reached skill level 5 in Dodging
  3626 | D:6      | Found a snail-covered altar of Cheibriados.
  3626 | D:6      | Found a hide-covered altar of Uskayaw.
  3716 | D:6      | Found a shimmering altar of Xom.
  3719 | D:6      | Became a worshipper of Cheibriados the Contemplative
  4643 | D:5      | Noticed Prince Ribbit
  4651 | D:5      | Killed Prince Ribbit
  4652 | D:5      | Reached XP level 9. HP: 38/59 MP: 9/9
  4868 | D:5      | Found a glowing golden altar of the Shining One.
  5194 | D:6      | Reached skill level 9 in Unarmed Combat
  5511 | D:7      | Found a staircase to the Ecumenical Temple.
  5608 | D:7      | Reached * piety under Cheibriados
  5658 | D:3      | Bought Meiph's Verses on Arson and Transformation for 416
                  | gold pieces
  5663 | D:3      | Learned a level 4 spell: Ice Form
  5742 | D:7      | Noticed a gargoyle
  5750 | D:7      | Killed a gargoyle
  5804 | D:7      | Noticed a gargoyle
  5811 | D:7      | Killed a gargoyle
  5815 | D:7      | Noticed a gargoyle
  5823 | D:7      | Killed a gargoyle
  5839 | D:7      | Noticed a gargoyle
  5842 | D:7      | Killed a gargoyle
  5843 | D:7      | Reached XP level 10. HP: 50/65 MP: 10/10
  5896 | D:7      | Noticed a gargoyle
  5905 | D:7      | Killed a gargoyle
  5906 | D:7      | Reached skill level 5 in Transmutations
  5906 | D:7      | Reached skill level 5 in Ice Magic
  6052 | D:7      | Found Veadur's Assorted Antiques.
  6599 | D:7      | Learned a level 2 spell: Blink
  7010 | D:8      | Reached skill level 10 in Unarmed Combat
  7333 | D:8      | Reached ** piety under Cheibriados
  7410 | D:8      | Found a sparkling altar of Nemelex Xobeh.
  7658 | D:8      | Found a sacrificial altar of Ru.
  7866 | D:9      | Reached skill level 11 in Unarmed Combat
  7917 | D:9      | Noticed a two-headed ogre
  7927 | D:9      | Killed a two-headed ogre
  7928 | D:9      | Reached XP level 11. HP: 37/70 MP: 7/11
  8092 | D:9      | Reached skill level 12 in Unarmed Combat
  8505 | D:9      | Found a stormy altar of Qazlal.
  8506 | D:9      | Found a staircase to the Orcish Mines.
  8549 | D:9      | Reached *** piety under Cheibriados
  8563 | D:9      | Noticed a cyclops
  8573 | D:9      | Killed a cyclops
  8601 | D:9      | Noticed a centaur warrior
  8606 | D:9      | Killed a centaur warrior
  8736 | D:9      | Reached skill level 13 in Unarmed Combat
  8921 | D:9      | Found a white marble altar of Elyvilon.
  8983 | D:9      | Reached skill level 1 in Invocations
  9074 | D:9      | Noticed an orc knight
  9074 | D:9      | Noticed an orc sorcerer
  9078 | D:9      | Killed an orc sorcerer
  9079 | D:9      | Mangled by an orc warrior

Illustrated notes

Levels and vault maps discovered:
D:1:      tarquinn_simple_flora_water_c, layout_loops_ring, chequers_arboretum
D:2:      layout_basic
D:3:      layout_loops_ring, okawaru_altar_gauntlet_db, serial_shops,
          nicolae_shop_temple_entry_statues_fountains, kennysheep_generic_room_5
D:4:      layout_basic, nicolae_vehumet_altar_sigil,
          lightli_ossuary_entry_decrepit_ruins, minivault_26,
          kennysheep_another_room, hangedman_decor_push
D:5:      layout_loops_ring, nicolae_tso_swordbearing_angel,
          eino_small_chamber_without_monster, uniq_prince_ribbit1, uniq_grinder
D:6:      cheibrodos_helix_gallery, layout_loops_ring, tgw_kikubaaqudgha,
          grunt_temple_overflow_open, kennysheep_generic_room_12, uniq_maggie
D:7:      cheibrodos_statue_roulette, layout_gridville,
          minmay_temple_entry_junction_2, serial_shops, shop_statue
D:8:      layout_loops_ring, mainiacjoe_overflow_tiny_flanked,
          marbit_many_paths, minmay_manual_maat
D:9:      minmay_the_grid_net [minmay_the_grid_armoury,
          minmay_the_grid_plusring, minmay_the_grid_doors,
          minmay_the_grid_diamond_grid, minmay_the_grid_minigrid_medium,
          minmay_the_grid_prize_four_corners_diamond_b], layout_basic,
          nicolae_qazlal_scattered_showers, nicolae_overflow_hidden_temple,
          elyvilon_altar_5

Skill      XL: |  1  2  3  4  5  6  7  8  9 10 11 |
---------------+----------------------------------+-----
Fighting       | 4 |  4.7
Unarmed Combat | 3 5 6 8 9 11 13 | 13.2
Dodging        | 7 |  7.6
Transmutations | 4 6 |  6.0
Ice Magic      | 4 6 |  6.0
Invocations    | 2 |  2.8
Shields        | |  3.0

Action                     |  1- 3 |  4- 6 |  7- 9 | 10-12 || total
---------------------------+-------+-------+-------+-------++-------
  Melee: Unarmed           |    67 |   120 |   171 |   190 ||   548
         Tentacles         |    22 |    29 |    44 |     4 ||    99
         Constrict         |    20 |    35 |    26 |     6 ||    87
         Punch             |     2 |     2 |     6 |     3 ||    13
   Fire: Sling             |       |       |     2 |       ||     2
   Cast: Ice Form          |       |       |       |    24 ||    24
         Blink             |       |       |       |     1 ||     1
    Use: Scroll            |       |     7 |     3 |     4 ||    14
         Potion            |       |     1 |     3 |     1 ||     5
   Stab: Sleeping          |     3 |     4 |     8 |     1 ||    16
         Distracted        |       |     1 |       |       ||     1
         Invisible         |       |       |     2 |     1 ||     3
 Armour: Skin              |     9 |     5 |     6 |    27 ||    47
  Dodge: Dodged            |    27 |    46 |    89 |   118 ||   280
  Block: Buckler           |    13 |    16 |    27 |     7 ||    63

Table legend: (Time is in decaauts)
 A = Elapsed time spent in this place.
 B = Non-inter-level travel time spent in this place.
 C = Inter-level travel time spent in this place.
 D = Time resting spent in this place.
 E = Time spent auto-exploring this place.
 F = Levels seen in this place.
 G = Mean time per level.
                   A        B        C        D        E       F      G
               +--------+--------+--------+--------+--------+-----+--------+
         Total |  10361 |   9694 |    667 |   1073 |   6280 |  10 | 1036.1 |
       Dungeon |  10020 |   9353 |    667 |    990 |   6280 |   9 | 1113.3 |
       Ossuary |    341 |    341 |      0 |     83 |      0 |   1 |  341.0 |
               +--------+--------+--------+--------+--------+-----+--------+

Top non-repeatable levels by time:
     D:9: 1577 daAuts
     D:7: 1509 daAuts
     D:8: 1358 daAuts
     D:5: 1228 daAuts
     D:6: 1160 daAuts
     D:4: 1025 daAuts
     D:3: 797 daAuts
     D:1: 755 daAuts
     D:2: 607 daAuts
 Ossuary: 341 daAuts
